 Dungeon Crawl Stone Soup version 0.30-a0-568-g124715a40b (webtiles) character file.

Game seed: 4104055782265459147

78 bande the Shield-Bearer (level 4, -1/29 HPs)
             Began as a Gargoyle Fighter on Dec 29, 2022.
             Slain by a gnoll
             ... wielding a +0 halberd
              (4 damage)
             ... on level 2 of the Dungeon.
             The game lasted 00:02:04 (1541 turns).

bande the Shield-Bearer (Gargoyle Fighter)          Turns: 1541, Time: 00:02:05

Health: -1/29      AC: 11    Str: 19    XL:     4   Next: 36%
Magic:  4/4        EV:  9    Int:  9    God:
Gold:   50         SH:  4    Dex: 11    Spells: 3/3 levels left

rFire   . . .      SeeInvis .    a - +0 war axe
rCold   . . .      Faith    .    c - +0 buckler
rNeg    + . .      Spirit   .    b - +0 scale mail
rPois   ∞          Reflect  .    (no helmet)
rElec   +          Harm     .    i - +0 cloak
rCorr   .          Rampage  .    (no gloves)
Will    .....                    (no boots) Stlth
                                 (no amulet)
HPRegen 0.24/turn                (no ring)
MPRegen 0.09/turn                (no ring)

@: no status effects
A: sickness immunity, AC +3, negative energy resistance 1, electricity
resistance, torment resistance 1, petrification resistance
a: no special abilities


You were on level 2 of the Dungeon.
You visited 1 branch of the dungeon, and saw 2 of its levels.

You collected 50 gold pieces.

Inventory:

Hand Weapons
 a - a +0 war axe (weapon)
Armour
 b - a +0 scale mail (worn)
 c - a +0 buckler (worn)
 i - a +0 cloak (worn)
Scrolls
 g - a scroll of fog {unknown}
 l - a scroll of blinking {unknown}
Potions
 d - a potion of might
 e - a potion of lignification {unknown}
 f - a potion of haste {unknown}
 h - a potion of attraction {unknown}
 j - a potion of curing {unknown}
 k - a potion of mutation {unknown}


   Skills:
 + Level 3.7 Fighting
 + Level 3.0 Axes
 + Level 3.7 Armour
 - Level 0.2 Dodging
 + Level 3.7 Shields


You had 3 spell levels left.
You didn't know any spells.
Your spell library was empty.

Dungeon Overview and Level Annotations

Branches:
Dungeon (2/15)

Altars:


Innate Abilities, Weirdness & Mutations

You are immune to sickness and miasma.
Your stone body is resilient. (AC +3)
You are immune to poison.
You resist negative energy. (rN+)
You are resistant to electric shocks. (rElec)
You are resistant to unholy torment.
You are immune to petrification.


Message History

You hit the gnoll but do no damage. The gnoll hits you with a +0 spear.
The gnoll hits you with a +0 halberd.
You are too injured to fight recklessly!
You are too injured to fight recklessly!
You are too injured to fight recklessly!
You are too injured to fight recklessly!
You are too injured to fight recklessly!
You are too injured to fight recklessly!
You are too injured to fight recklessly!
Unknown command.
You hit the gnoll.
The gnoll is severely wounded.
You hit the gnoll. The gnoll hits you with a +0 spear.
The gnoll barely misses you. The gnoll hits you with a +0 spear.
* * * LOW HITPOINT WARNING * * *
The gnoll hits you with a +0 halberd.
* * * LOW HITPOINT WARNING * * *
You hit the gnoll.
The gnoll is severely wounded.
You completely miss the gnoll. The gnoll hits you with a +0 spear.
* * * LOW HITPOINT WARNING * * *
The gnoll hits you with a +0 halberd.
* * * LOW HITPOINT WARNING * * *
Unknown command.
You completely miss the gnoll.
The gnoll is severely wounded.
You hit the gnoll. The gnoll closely misses you. The gnoll barely misses you.
You block the gnoll's attack. The gnoll hits you but does no damage.
Unknown command.
You hit the gnoll but do no damage.
The gnoll is severely wounded.
You closely miss the gnoll. The gnoll hits you with a +0 spear.
* * * LOW HITPOINT WARNING * * *
You block the gnoll's attack.
Unknown command.
You barely miss the gnoll.
The gnoll is severely wounded.
You closely miss the gnoll. You block the gnoll's attack.
The gnoll hits you with a +0 halberd.
You die...

.># . ..# ..#.#
.## #.#..
.'..#.#.#
.'..#.#.######
.'.....gg....##
#.....@.......
#......).....#
#.............
#.....#........
#####.#†.####.#
#.......# #
####.......###..#
................#
###......####..#


You could see 2 gnolls.

Vanquished Creatures
  2 adders (D:2)
  A gnoll (D:2)
  A worm (D:2)
  A dart slug (D:1)
  6 ball pythons
  8 endoplasms
  A giant cockroach (D:1)
  3 goblins
  10 hobgoblins
  4 bats (D:1)
  A frilled lizard (D:1)
  2 kobolds (D:1)
  3 rats
43 creatures vanquished.

Notes
Turn   | Place    | Note
-------+----------+-------------------------------------------
     0 | D:1      | bande the Gargoyle Fighter began the quest for the Orb.
     0 | D:1      | Reached XP level 1. HP: 14/14 MP: 1/1
    83 | D:1      | Reached XP level 2. HP: 17/19 MP: 2/2
   637 | D:1      | Reached XP level 3. HP: 22/23 MP: 3/3
  1510 | D:2      | Reached XP level 4. HP: 29/29 MP: 4/4
  1541 | D:2      | Slain by a gnoll

Illustrated notes

Levels and vault maps discovered:
D:1:      roderic_dead_forest, layout_basic, st_stairs_7
D:2:      layout_basic, kennysheep_cluttered_room, chequers_arboretum,
          chequers_garden, minmay_misc_feat_room

Skill      XL: |  1  2  3  4 |
---------------+-------------+-----
Axes           | 2 3 |  3.0
Fighting       | |  3.7
Armour         | |  3.7
Dodging        | |  0.2
Shields        | |  3.7

Action                   |  1- 3 |  4- 6 || total
-------------------------+-------+-------++-------
Melee: War axe           |   105 |    13 ||   118
Armor: Scale mail        |    49 |     8 ||    57
Dodge: Dodged            |    52 |     9 ||    61
Block: Buckler           |    31 |     7 ||    38

Table legend: (Time is in decaauts)
 A = Elapsed time spent in this place.
 B = Non-inter-level travel time spent in this place.
 C = Inter-level travel time spent in this place.
 D = Time resting spent in this place.
 E = Time spent auto-exploring this place.
 F = Levels seen in this place.
 G = Mean time per level.
                   A        B        C        D        E       F      G
               +--------+--------+--------+--------+--------+-----+--------+
         Total |   1591 |   1572 |     19 |      0 |   1246 |   2 |  795.5 |
       Dungeon |   1591 |   1572 |     19 |      0 |   1246 |   2 |  795.5 |
               +--------+--------+--------+--------+--------+-----+--------+

Top non-repeatable levels by time:
     D:1: 991 daAuts
     D:2: 599 daAuts
